Map: [ESL] Gresvan

Players

BattleB

  • Race: Terran Terran
  • Spawn Location: 11:00

Serral - Winner!

  • Race: Zerg Zerg
  • Spawn Location: 5:00

Event: ESL SC2 Masters 2023 Summer (Regionals)

VOD

Have the link to the VOD?

Description

Time

  • Played on: May 5, 2023, 10:38 a.m.
  • Length: 18:56

All games in this series

Show
View Real Time Build Order
Export as new Build Order

BattleB Terran 

Build Orders: Command Center First 

Get SALT Encoding   

  12  0:00  SCV  
  13  0:12  SCV  
  14  0:16  Supply Depot  
  14  0:24  SCV  
  15  0:38  SCV  
  16  0:50  SCV  
  17  0:59  Command Center  
  17  1:03  SCV  
  18  1:11  Barracks  
  18  1:17  SCV  
  19  1:20  Refinery  
  19  1:26  Refinery  
  19  1:29  SCV  
  20  1:41  SCV  
  21  1:58  Orbital Command, Marine  
  22  2:06  Factory  
  22  2:12  Orbital Command  
  22  2:18  Barracks Reactor  
  22  2:24  SCV  
  23  2:36  SCV  
  24  2:38  SCV  
  24  2:44  Command Center  
  25  2:48  SCV  
  25  2:50  SCV  
  27  2:55  Starport  
  27  3:00  SCV  
  27  3:02  SCV  
  27  3:04  Hellion  
  31  3:07  Hellion  
  32  3:17  SCV x2, Barracks Tech Lab  
  32  3:18  Supply Depot  
  33  3:29  SCV  
  33  3:31  Hellion  
  33  3:33  SCV  
  36  3:42  Viking  
  36  3:45  SCV x2  
  40  3:49  Stimpack  
  40  3:51  Marine  
  41  3:57  SCV x2  
  41  4:01  Barracks  
  43  4:04  Orbital Command  
  43  4:09  SCV  
  45  4:10  SCV  
  45  4:14  Barracks  
  45  4:16  Starport Reactor, Factory Tech Lab  
  45  4:18  Marine  
  45  4:21  SCV  
  47  4:25  SCV  
  47  4:29  Engineering Bay  
  47  4:30  Engineering Bay  
  48  4:33  SCV x2  
  48  4:38  SCV  
  51  4:40  Siege Tank  
  51  4:42  Marine  
  51  4:45  SCV x2, Supply Depot  
  56  4:48  Refinery  
  57  4:53  Refinery  
  57  4:55  SCV  
  57  4:56  Marine x2  
  57  4:57  SCV  
  61  5:00  Terran Infantry Weapons Level 1, Terran Infantry Armor Level 1  
  61  5:07  SCV x2  
  62  5:09  Supply Depot  
  62  5:11  Orbital Command  
  62  5:12  Marine x2, Supply Depot  
  65  5:15  Marine x2  
  65  5:16  Marine  
  65  5:17  Starport Reactor  
  65  5:20  SCV  
  69  5:27  Barracks  
  69  5:29  Barracks  
  69  5:30  SCV, Combat Shield  
  69  5:33  SCV  
  69  5:34  Siege Tank  
  74  5:37  SCV  
  74  5:42  Marine  
  76  5:43  Marine, Supply Depot  
  76  5:44  Marine  
  76  5:45  Supply Depot  
  76  5:46  SCV x2  
  76  5:48  Marine  
  76  5:49  SCV  
  82  5:50  Marine  
  82  5:54  Medivac  
  85  6:03  Supply Depot  
  85  6:04  Marine x3, Medivac  
  85  6:05  SCV x2  
  85  6:06  Marine  
  85  6:07  SCV  
  85  6:08  Siege Tank  
  85  6:11  Marine  
  98  6:15  Barracks Reactor  
  98  6:16  Supply Depot  
  98  6:18  Armory, SCV x2  
  98  6:21  Barracks Reactor  
  98  6:22  Marine  
  98  6:25  Marine x2, SCV  
  104  6:27  Marine  
  104  6:28  Marine  
  104  6:30  SCV  
  107  6:33  SCV  
  107  6:35  Supply Depot  
  107  6:37  SCV, Medivac  
  107  6:39  Medivac, Supply Depot  
  113  6:41  Marine  
  113  6:43  Marine  
  115  6:47  Marine  
  115  6:48  Marine  
  115  6:51  Refinery  
  115  6:52  Supply Depot  
  115  6:53  Refinery  
  117  6:56  Marine x2  
  117  7:00  Marine x2  
  117  7:01  Marine x3  
  119  7:02  Siege Tank  
  119  7:03  SCV  
  119  7:04  SCV  
  119  7:05  SCV  
  128  7:09  Marine x2  
  128  7:10  Supply Depot  
  128  7:12  Supply Depot  
  128  7:14  Marine, Medivac, Marauder  
  135  7:18  Marine x2  
  135  7:21  Medivac  
  135  7:22  Marine x2  
  141  7:31  Marine x3  
  141  7:32  Marine  
  141  7:35  Marine  
  141  7:36  Marine x2  
  144  7:40  Marine x2  
  144  7:43  Widow Mine  
  137  7:49  Marine x4  
  141  7:53  Marine x2, Medivac x2  
  141  7:54  Marine  
  141  7:58  Marine  
  147  8:02  Marine  
  136  8:07  Marine x4  
  136  8:08  Siege Tank  
  136  8:11  Terran Infantry Weapons Level 2, Marine x2  
  136  8:12  Marine  
  145  8:15  Terran Infantry Armor Level 2  
  145  8:16  Marine  
  145  8:18  Terran Vehicle Weapons Level 1  
  146  8:20  Marine  
  146  8:24  Marine x3  
  146  8:25  Marine  
  151  8:29  Marine  
  151  8:30  Marine  
  151  8:31  Marine  
  151  8:33  Marine  
  155  8:34  Medivac  
  155  8:37  Medivac  
  155  8:38  Marine  
  156  8:42  Marine x3  
  156  8:43  Marine  
  156  8:46  Marine  
  138  8:48  Marine x2  
  138  8:51  Marine  
  138  8:52  Siege Tank  
  135  8:56  Marine  
  135  9:00  Marine x3  
  135  9:01  Marine  
  138  9:04  Marine, Medivac, Factory  
  138  9:06  Marine x2  
  138  9:09  Marine, Command Center  
  144  9:12  Supply Depot  
  144  9:14  Marine, Supply Depot  
  136  9:18  Marine x3  
  136  9:19  Marine  
  136  9:22  Marine  
  129  9:28  Marine  
  129  9:29  Marine x2  
  129  9:30  Widow Mine  
  132  9:34  Barracks x2  
  132  9:35  Liberator x2, Barracks  
  132  9:38  Marine  
  139  9:42  Marine  
  139  9:44  Marine x4  
  142  9:46  Marine  
  142  9:48  Marine x2  
  142  9:49  Concussive Shells  
  142  9:50  Drilling Claws  
  145  9:53  Factory Reactor  
  145  9:55  Widow Mine  
  145  9:56  Marine  
  148  10:00  Marine  
  148  10:02  Marine x4  
  153  10:10  Marine x3  
  153  10:11  Command Center  
  156  10:17  Marine, Supply Depot  
  156  10:19  Widow Mine, Supply Depot  
  156  10:20  Liberator x2  
  160  10:22  Barracks Tech Lab x2  
  160  10:23  Marine x2, Barracks Tech Lab  
  160  10:27  Marine x2  
  163  10:28  Marauder  
  163  10:32  SCV  
  163  10:33  SCV x2  
  163  10:34  Marine x2  
  168  10:38  Widow Mine x2  
  168  10:41  Marine x2  
  168  10:42  Marine  
  175  10:44  Marine  
  175  10:46  Widow Mine  
  178  10:52  Marine, Marauder  
  178  10:56  Marine, Marauder  
  184  10:59  Planetary Fortress  
  184  11:00  Widow Mine  
  184  11:03  Marine  
  184  11:04  Marauder  
  189  11:06  Marine  
  172  11:13  Marine  
  172  11:14  Marauder  
  172  11:15  Widow Mine  
  172  11:16  Medivac x2  
  172  11:17  Widow Mine, Marine x2  
  167  11:21  Marine x2  
  167  11:25  Marine, Marauder  
  164  11:27  Marine  
  164  11:28  Marine x2, Marauder  
  164  11:31  Marine  
  165  11:33  Widow Mine  
  165  11:35  Marine  
  165  11:39  Terran Infantry Weapons Level 3  
  162  11:44  Terran Infantry Armor Level 3  
  162  11:46  Marine  
  157  11:47  Marauder  
  157  11:48  Terran Vehicle And Ship Armor Level 1  
  157  11:51  Marine x2  
  157  11:52  Marauder  
  157  11:53  Widow Mine, Marine  
  152  11:57  Marine x2  
  152  11:58  Marine, Marauder  
  152  12:00  Widow Mine  
  152  12:01  Widow Mine  
  156  12:02  Marine  
  156  12:03  Marine  
  158  12:09  Marine x2  
  158  12:10  Marauder, Marine  
  158  12:13  Marauder  
  165  12:21  Widow Mine  
  165  12:22  Liberator x2, Widow Mine, Marine x2  
  179  12:23  Marauder  
  179  12:27  Marine x2  
  179  12:28  Marauder, Marine  
  184  12:31  Marine, Marauder  
  184  12:33  Marine  
  184  12:35  Marauder, Marine  
  190  12:40  Marine  
  190  12:44  Widow Mine x3, Marauder  
  190  12:45  Marine  
  190  12:49  Marine x2, Marauder  
  193  12:51  Marine  
  193  12:52  Marauder  
  193  12:53  Planetary Fortress  
  193  12:56  Marauder, Marine  
  182  12:59  Marine  
  182  13:00  Marine  
  182  13:04  Marine  
  182  13:05  Marine, Marauder  
  187  13:10  Widow Mine x2, Marine, Marauder  
  187  13:11  Widow Mine  
  180  13:13  Marine  
  180  13:14  Marauder  
  180  13:17  Marauder  
  180  13:18  Marine  
  188  13:27  Marauder  
  188  13:31  Widow Mine x2, Marine  
  188  13:32  Widow Mine, Marauder  
  177  13:35  Marauder  
  177  13:36  Medivac x2  
  177  13:39  Marine x2, Marauder  
  177  13:41  Marine  
  169  13:42  Marine  
  169  13:43  Marine  
  169  13:47  Marine  
  161  13:48  Marauder  
  161  13:51  Marine  
  161  13:53  Widow Mine x3, Marauder  
  161  13:54  Marine  
  170  13:57  Marine, Marauder  
  170  14:00  Marauder  
  170  14:01  Marine  
  156  14:03  Marine x2  
  156  14:04  Marine  
  156  14:07  Marine  
  156  14:10  Marauder  
  156  14:11  Marine  
  156  14:14  Widow Mine  
  156  14:15  Marauder, Medivac x2  
  156  14:16  Widow Mine x2  
  156  14:18  Marauder  
  156  14:20  Marine  
  156  14:22  Marauder  
  161  14:24  Marine  
  161  14:26  Marine x2  
  161  14:29  Marine x2  
  168  14:31  Marauder  
  168  14:34  Terran Vehicle And Ship Armor Level 2  
  168  14:36  Marauder  
  168  14:37  Sensor Tower  
  170  14:39  Marauder  
  170  14:41  Marine  
  170  14:42  Marine x2  
  170  14:43  Marauder  
  168  14:45  Widow Mine  
  168  14:47  Marine x2  
  168  14:49  Widow Mine  
  168  14:50  Marine  
  168  14:51  Widow Mine  
  168  14:52  Marauder  
  177  14:57  Marine, Marauder  
  177  14:58  Medivac x2  
  176  15:01  Marauder  
  176  15:04  Marine, Marauder  
  176  15:05  Marine  
  180  15:10  Widow Mine  
  180  15:11  Marine  
  180  15:12  Marine x4  
  180  15:14  Marauder  
  179  15:15  Marine  
  179  15:19  Marauder  
  166  15:22  Marine, Marauder  
  166  15:23  Marine  
  166  15:24  Widow Mine  
  166  15:26  Marauder  
  159  15:28  Marine  
  159  15:30  Marine x3  
  159  15:35  Marauder  
  165  15:40  Marauder  
  165  15:41  Marine x2  
  169  15:43  Command Center  
  169  15:44  Marauder, Medivac x2  
  169  15:47  Marauder  
  177  15:52  Marine, Ghost Academy  
  177  15:54  Marine  
  177  15:56  Marauder  
  179  16:01  Marauder  
  179  16:03  Widow Mine  
  179  16:04  Widow Mine  
  175  16:05  Marauder  
  175  16:08  Marauder  
  178  16:12  Sensor Tower, Command Center  
  178  16:17  Medivac x2  
  178  16:18  Marauder  
  184  16:23  Marauder  
  184  16:26  Ghost  
  184  16:29  Marine x2, Ghost  
  184  16:32  Marine x3  
  183  16:33  Marine  
  183  16:36  Widow Mine x2  
  183  16:38  Ghost  
  183  16:39  Marine x2  
  186  16:43  Ghost  
  186  16:44  Widow Mine  
  188  16:47  Marine x2  
  188  16:50  Medivac x2  
  187  16:56  Marauder  
  187  16:57  Marine  
  187  16:58  Marauder  
  190  17:03  Marine  
  190  17:04  Marine  
  190  17:05  Widow Mine x2  
  190  17:08  Marauder  
  196  17:10  Sensor Tower  
  196  17:13  Marauder  
  196  17:14  Widow Mine  
  193  17:17  Marauder  
  193  17:19  Ghost  
  176  17:25  Medivac x2  
  176  17:26  Widow Mine x2  
  176  17:28  Ghost  
  173  17:31  Marine x2  
  173  17:33  Ghost  
  167  17:37  Marine, Ghost  
  167  17:38  Marine x3  
  167  17:40  SCV x3  
  167  17:41  Marine  
  173  17:45  Widow Mine  
  173  17:46  Marine  
  173  17:47  Widow Mine  
  173  17:48  Marauder  
  169  17:52  SCV  
  169  17:54  Marine x2  
  169  17:55  Marine  
  169  17:58  Marine, Marauder  
  151  17:59  Refinery  
  151  18:00  Marine  
  151  18:03  Marauder  
  151  18:04  Marine  
  151  18:05  Refinery  
  155  18:07  Marauder, Refinery  
  155  18:09  Refinery  
  155  18:10  Marauder, Refinery  
  159  18:19  Orbital Command, Marauder  
  157  18:23  Marine x2  
  157  18:24  Marine, Marauder  
  160  18:28  Marauder  
  160  18:29  Marine  
  160  18:31  Marauder  
Show
View Real Time Build Order
Export as new Build Order

Serral Zerg - Winner!

Build Orders: Pool First 

Get SALT Encoding   

  12  0:00  Drone  
  13  0:12  Overlord  
  13  0:16  Drone  
  14  0:30  Drone x2  
  14  0:34  Drone  
  17  0:44  Extractor  
  17  0:45  Drone  
  17  0:48  Spawning Pool  
  16  0:55  Drone  
  17  1:06  Drone  
  18  1:17  Hatchery  
  17  1:21  Drone  
  18  1:35  Queen, Zergling x2  
  18  1:39  Zergling x2  
  22  1:45  Metabolic Boost  
  22  1:52  Overlord  
  22  2:10  Queen  
  22  2:11  Drone x2  
  26  2:27  Hatchery  
  26  2:30  Drone  
  26  2:33  Drone  
  26  2:35  Drone  
  28  2:40  Drone  
  28  2:44  Drone x2  
  31  2:48  Overlord  
  31  2:56  Queen  
  33  2:59  Drone  
  33  3:02  Drone  
  33  3:03  Drone  
  36  3:11  Drone  
  37  3:13  Drone  
  37  3:18  Drone x4  
  41  3:27  Overlord  
  41  3:30  Drone  
  41  3:35  Queen  
  41  3:38  Queen  
  41  3:40  Queen  
  47  3:41  Drone  
  47  3:45  Zergling x4  
  50  3:51  Zergling x2  
  51  3:56  Overlord  
  51  3:57  Zergling x2  
  51  3:58  Zergling x2  
  51  3:59  Drone x2  
  51  4:00  Drone  
  56  4:07  Drone x2  
  58  4:11  Overlord  
  58  4:14  Queen  
  58  4:15  Drone x2  
  62  4:20  Overlord  
  62  4:27  Overlord  
  62  4:29  Queen, Lair  
  62  4:30  Drone x2  
  66  4:37  Overlord  
  66  4:39  Drone x2, Zergling x2  
  66  4:44  Drone x4  
  73  4:49  Extractor x2  
  73  4:50  Extractor, Zergling x2  
  73  4:52  Drone x3, Baneling Nest  
  73  4:59  Drone x5  
  78  5:05  Drone  
  79  5:09  Queen  
  79  5:12  Drone  
  82  5:15  Drone x2  
  82  5:19  Queen  
  86  5:21  Hatchery  
  86  5:23  Overlord  
  86  5:24  Drone x3  
  88  5:29  Drone  
  88  5:31  Extractor, Overlord  
  88  5:36  Overlord  
  88  5:37  Centrifugal Hooks  
  88  5:40  Drone  
  88  5:41  Zergling x4, Evolution Chamber  
  88  5:42  Evolution Chamber  
  89  5:46  Zergling x10  
  94  5:51  Overlord  
  94  5:52  Zergling x6  
  97  5:57  Drone  
  97  5:58  Drone x2  
  97  6:00  Overseer  
  97  6:03  Drone x4  
  104  6:09  Drone  
  105  6:12  Zerg Ground Armor Level 1, Zerg Melee Weapons Level 1  
  105  6:17  Zergling x2  
  105  6:18  Zergling x8  
  110  6:20  Drone x2  
  110  6:22  Overlord  
  110  6:25  Zergling x6  
  115  6:32  Zergling x6  
  118  6:36  Baneling x7  
  118  6:37  Baneling x2  
  118  6:40  Queen  
  118  6:41  Overlord  
  120  6:47  Drone x5  
  120  6:49  Drone  
  120  6:50  Zergling x6  
  129  6:54  Pneumatized Carapace  
  129  6:55  Overlord  
  129  6:56  Overlord  
  129  6:57  Hatchery  
  129  6:59  Zergling x6  
  131  7:07  Zergling x12  
  131  7:08  Baneling x9  
  137  7:11  Zergling x8  
  137  7:14  Overlord  
  141  7:19  Zergling x4  
  141  7:22  Baneling x4  
  143  7:24  Zergling x4  
  145  7:33  Zergling x12  
  146  7:37  Zergling x4  
  146  7:41  Queen x3  
  146  7:44  Zergling x2  
  146  7:45  Zergling x14  
  146  7:49  Baneling x5  
  153  7:51  Zergling x2  
  153  7:52  Zergling x2  
  148  8:00  Zergling x12  
  148  8:05  Zergling x2  
  137  8:06  Baneling x4  
  137  8:12  Zergling x2  
  137  8:13  Hatchery, Zergling x12, Zerg Ground Armor Level 2, Zerg Melee Weapons Level 2  
  141  8:22  Zergling x2  
  141  8:23  Zergling x8  
  141  8:25  Overseer  
  141  8:35  Zergling x10  
  141  8:38  Baneling x7  
  141  8:40  Zergling x14  
  130  8:50  Zergling x14  
  130  8:52  Queen x3  
  130  8:55  Baneling x11  
  141  8:58  Zergling x14  
  147  9:04  Infestation Pit  
  146  9:10  Zergling x20  
  146  9:12  Overlord  
  145  9:17  Zergling x10  
  142  9:26  Drone x4  
  142  9:28  Hatchery  
  142  9:31  Zergling x2  
  144  9:38  Drone x2  
  144  9:40  Zergling x2  
  144  9:41  Zergling x24  
  153  9:46  Hive  
  153  9:51  Overlord  
  153  9:52  Spore Crawler, Zergling x8  
  156  9:53  Baneling, Overseer  
  156  9:54  Baneling x7  
  156  9:55  Zergling x2  
  156  9:57  Baneling x3  
  154  10:03  Drone x6  
  154  10:05  Drone x2  
  154  10:06  Extractor, Drone x3, Hydralisk Den  
  158  10:08  Zergling x18  
  158  10:09  Zergling x2  
  158  10:10  Zergling x10  
  171  10:17  Zergling x10  
  172  10:23  Overlord  
  172  10:26  Zergling x12  
  172  10:32  Overseer  
  172  10:36  Muscular Augments  
  172  10:37  Extractor  
  172  10:38  Drone x3  
  172  10:40  Zergling x26  
  186  10:56  Zergling x12  
  186  10:57  Zergling x4  
  194  10:59  Zerg Melee Weapons Level 3  
  192  11:08  Zergling x12  
  166  11:11  Zergling x26  
  166  11:12  Zergling x2  
  166  11:17  Zergling x18  
  176  11:26  Viper x2  
  176  11:31  Baneling  
  176  11:32  Hydralisk x4  
  187  11:36  Zerg Missile Weapons Level 1  
  187  11:38  Hatchery  
  180  11:40  Drone  
  180  11:41  Drone x2  
  180  11:42  Drone x3  
  174  11:47  Grooved Spines  
  174  11:52  Hydralisk x3  
  174  11:53  Zergling x18  
  182  11:54  Baneling x8  
  182  11:55  Drone x2, Overseer  
  182  11:57  Spore Crawler  
  182  11:58  Baneling x8  
  182  12:04  Drone x2  
  182  12:05  Drone x3  
  187  12:23  Overlord x2, Baneling x4  
  187  12:26  Overlord  
  187  12:27  Overseer  
  180  12:40  Zergling x16  
  174  12:46  Zergling x26  
  174  12:49  Baneling x15  
  176  12:57  Zergling x20  
  174  13:01  Baneling x3  
  171  13:12  Zergling x24  
  163  13:15  Drone  
  163  13:16  Drone  
  163  13:17  Baneling  
  163  13:18  Baneling x5  
  164  13:22  Baneling x3  
  164  13:23  Hydralisk x2, Baneling x2, Zergling x2  
  164  13:24  Zergling x8  
  173  13:30  Zerg Ground Armor Level 3  
  173  13:32  Hydralisk x2  
  173  13:33  Zergling x2  
  165  13:35  Overseer  
  152  13:43  Zergling x14  
  152  13:45  Baneling x2  
  152  13:47  Zergling x14  
  152  13:50  Lurker Den  
  152  13:52  Baneling  
  152  13:53  Baneling x4  
  152  13:54  Hydralisk  
  152  13:55  Hydralisk x2  
  155  13:56  Zergling x16  
  155  14:02  Zergling x14  
  159  14:04  Zergling x2  
  159  14:05  Zergling x2  
  159  14:06  Baneling x7  
  157  14:15  Zergling x14  
  160  14:21  Baneling x6  
  160  14:23  Extractor x2  
  160  14:24  Zergling x28  
  171  14:26  Drone  
  171  14:28  Zerg Missile Weapons Level 2  
  171  14:31  Hatchery  
  172  14:35  Baneling x3  
  172  14:37  Baneling x2, Overseer  
  172  14:45  Zergling x18  
  177  14:50  Zergling x24  
  181  14:53  Drone x2  
  181  14:58  Seismic Spines  
  173  15:02  Lurker x3  
  171  15:11  Drone  
  171  15:12  Drone x7  
  175  15:15  Zergling x10  
  175  15:16  Zergling x2  
  164  15:23  Zergling x10  
  164  15:24  Zergling x2  
  164  15:25  Zergling x2  
  165  15:35  Lurker x6  
  171  15:38  Hydralisk x2  
  171  15:41  Drone x2  
  177  15:44  Adrenal Glands  
  177  15:52  Hydralisk  
  177  15:53  Hydralisk x2  
  168  16:00  Zergling x24  
  179  16:07  Lurker x2  
  179  16:11  Hydralisk x4  
  181  16:16  Zergling x16  
  197  16:19  Overseer  
  197  16:22  Baneling  
  197  16:23  Baneling x6  
  196  16:31  Zergling x24  
  194  16:57  Zergling x22  
  185  17:09  Hatchery, Zergling x32  
  185  17:13  Baneling x8  
  185  17:14  Overlord x3  
  185  17:15  Overlord x2  
  188  17:27  Overlord  
  188  17:29  Overlord  
  164  17:41  Zergling x18  
  164  17:42  Zergling x6  
  173  17:50  Zergling x12  
  173  17:51  Zergling x30  
  190  17:57  Hatchery  
  183  18:02  Baneling  
  183  18:03  Baneling x15, Overseer  
  183  18:08  Zergling x28  
  197  18:17  Zergling x4  
  197  18:18  Overlord, Zergling x2, Overseer  
  195  18:24  Hydralisk  
  195  18:25  Hydralisk x6  
  188  18:36  Overseer  
  188  18:39  Zergling x2  
Tags
 
Add a new tag
Caveats
  • Supply blocks, unpowered buildings, or Contaminate may cause inaccurate times.
  • Supply counts are checked every 10 seconds.